 Dungeon Crawl Stone Soup version 0.31-a0-198-g2ad674f65e (webtiles) character file.

Game seed: 17643725083371528899

116 qw the Shooter (level 4, 0/25 HPs)
             Began as a Deep Elf Hunter on June 25, 2023.
             Slain by a gnoll
             ... wielding a +0 flail
              (8 damage)
             ... on level 3 of the Dungeon.
             The game lasted 00:00:37 (1690 turns).

qw the Shooter (Deep Elf Hunter)                    Turns: 1690, Time: 00:00:37

Health: 0/25       AC:  6    Str: 10    XL:     4   Next: 70%
Magic:  6/6        EV: 10    Int: 14    God:
Gold:   71         SH:  0    Dex: 24    Spells: 3/3 levels left

rFire   . . .        Y - +0 shortbow
rCold   . . .        (shield currently unavailable)
rNeg    . . .        a - +0 scale mail
rPois   .            (no helmet)
rElec   .            (no cloak)
rCorr   .            (no gloves)
SInv    .            (no boots)
Will    .....        (no amulet)
Stlth   +            d - +6 ring of dexterity
HPRegen 0.24/turn    (no ring)
MPRegen 0.10/turn

%: no passive effects
@: no status effects
A: no striking features
a: no special abilities


You were on level 3 of the Dungeon.
You visited 1 branch of the dungeon, and saw 3 of its levels.

You collected 71 gold pieces.


   Skills:
 - Level 1.5 Fighting
 + Level 7.9 Ranged Weapons
 - Level 3.0 Dodging
 - Level 1.2 Stealth


You had 3 spell levels left.
You didn't know any spells.
Your spell library was empty.

Inventory:

Hand Weapons
 Y - a +0 shortbow (weapon)
Armour
 a - a +0 scale mail (worn)
 c - a +0 ring mail
Jewellery
 d - a +6 ring of dexterity (left hand)
Scrolls
 b - a scroll of identify
Potions
 h - a potion of might
 i - a potion of curing {unknown}

Dungeon Overview and Level Annotations

Branches:
Dungeon (3/15)

Altars:


Message History

The gnoll is lightly wounded.
You shoot an arrow. The arrow closely misses the gnoll.
The arrow barely misses the gnoll.
You shoot an arrow.
The arrow hits the gnoll but does no damage.
The gnoll is severely wounded.
You shoot an arrow. The arrow hits the gnoll.
The gnoll is almost dead.
You shoot an arrow.
The arrow hits the gnoll but does no damage.
The gnoll is severely wounded.
The gnoll barely misses you.
You shoot an arrow. The arrow hits the gnoll.
You kill the gnoll!
The gnoll hits you but does no damage.
You shoot an arrow. The arrow hits the gnoll.
The gnoll is moderately wounded.
The gnoll completely misses you.
You shoot an arrow. The arrow closely misses the gnoll.
The gnoll closely misses you. x2; The gnoll hits you with a +0 flail.
The gnoll barely misses you. x2
You shoot an arrow.
The arrow hits the gnoll but does no damage.
The gnoll is moderately wounded.
The gnoll hits you from afar with a +0 spear.
The gnoll hits you with a +0 flail. The gnoll closely misses you.
You shoot an arrow. The arrow hits the gnoll!
The gnoll is severely wounded.
The gnoll hits you but does no damage. x2; The gnoll hits you with a +0 whip.
You shoot an arrow. The arrow hits the gnoll.
You kill the gnoll!
The gnoll hits you from afar with a +0 spear.
The gnoll barely misses you. x2
You shoot an arrow. The arrow closely misses the gnoll.
The gnoll hits you with a +0 flail.
The gnoll hits you from afar with a +0 spear.
You shoot an arrow. The arrow hits the gnoll!
The gnoll is severely wounded.
The gnoll hits you with a +0 flail!
You die...

..##.###.#
#.#.###.#..# #.#.#
##.#.## #.#.# ###..#
#.#.# ####..# #.#.#
#..^..# #.#.###.###.##
##.#........#.##
#g.@.........#.##
.......g.#####......##
....#...##.....##....#
.## ##..#..<.#..#...##
....#.......#..##
.......#._.<.#..#
.##..#.......#..# #.
#..#..<)#..#..#
##..(..##..#


You could see 2 gnolls.

Vanquished Creatures
  3 gnolls
  2 adders
  An ufetubus (D:3)
  2 dart slugs
  3 orcs
  11 ball pythons
  5 endoplasms
  3 goblins
  6 hobgoblins
  3 jackals (D:1)
  3 quokkas (D:1)
  2 bats
  A frilled lizard (D:1)
  6 kobolds
  3 rats
54 creatures vanquished.

Notes
Turn   | Place    | Note
-------+----------+-------------------------------------------
     0 | D:1      | qw the Deep Elf Hunter began the quest for the Orb.
     0 | D:1      | Reached XP level 1. HP: 12/12 MP: 3/3
     0 | D:1      | 0 ||| qw: Version: 0.3-a-22-g0ed2b0b
     0 | D:1      | 0 ||| qw: Game counter: 4964
     0 | D:1      | 0 ||| qw: Melee chars always use a shield: true
     0 | D:1      | 0 ||| qw: God list: Okawaru
     0 | D:1      | 0 ||| qw: Allow faded altars: false
     0 | D:1      | 0 ||| qw: Do Orc after clearing Dungeon:15 true
     0 | D:1      | 0 ||| qw: Do second Lair branch before Depths: true
     0 | D:1      | 0 ||| qw: Lair rune preference: random
     0 | D:1      | 0 ||| qw: Goals: Normal
     0 | D:1      | 0 ||| PLANNING D:1-11
    29 | D:1      | Reached skill level 6 in Ranged Weapons
    29 | D:1      | Reached XP level 2. HP: 16/16 MP: 4/4
   307 | D:1      | Reached XP level 3. HP: 20/20 MP: 5/5
   685 | D:1      | Reached skill level 7 in Ranged Weapons
   730 | D:1      | 730 ||| UPGRADING to +6 ring of dexterity.
   731 | D:1      | 731 ||| READING scroll labelled LUNAIQI JO AZI.
   732 | D:1      | 732 ||| READING scroll labelled LEQUYM UGANNI.
   737 | D:1      | 737 ||| READING scroll labelled NYUNTI BECLA.
   738 | D:1      | 738 ||| READING scroll labelled ZIGAUFF POXU.
   739 | D:1      | 739 ||| READING scroll labelled OTHOEL JUNA.
   740 | D:1      | 740 ||| DROPPING scroll of butterflies.
   742 | D:1      | 742 ||| Stepping ~*~*~tactically~*~*~ (cloud).
   749 | D:1      | HP: 5/20 [poisoned by you (poison gas)]
   826 | D:2      | 826 ||| STAIRDANCE
   898 | D:2      | Reached skill level 3 in Dodging
  1048 | D:2      | Reached XP level 4. HP: 17/25 MP: 6/6
  1048 | D:2      | 1048 ||| FLEEEEING.
  1049 | D:2      | 1049 ||| FLEEEEING.
  1050 | D:2      | 1050 ||| FLEEEEING.
  1051 | D:2      | 1051 ||| FLEEEEING.
  1052 | D:2      | 1052 ||| FLEEEEING.
  1053 | D:2      | 1053 ||| STAIRDANCE
  1087 | D:1      | 1087 ||| READING scroll labelled XYUSEI NATA.
  1088 | D:1      | 1088 ||| READING scroll labelled RYFUS JOIGEIG.
  1567 | D:2      | 1567 ||| READING 2 scrolls of identify.
  1567 | D:2      | 1567 ||| IDENTIFYING silvery potion
  1586 | D:3      | Found a faded altar of an unknown god.
  1596 | D:3      | 1596 ||| STAIRDANCE
  1612 | D:2      | 1612 ||| UPGRADING to +0 scale mail.
  1622 | D:2      | 1622 ||| DROPPING +0 leather armour.
  1690 | D:3      | Slain by a gnoll

Levels and vault maps discovered:
D:1:      dpeg_arrival_rooms_b, layout_basic
D:2:      layout_loops_ring, chequers_jeans
D:3:      layout_loops_ring, nicolae_ecumenical_pavilion

Skill      XL: |  1  2  3 |
---------------+----------+-----
Ranged Weapons | 6 7 |  7.9
Dodging        | 3 |  3.0
Fighting       | |  1.5
Stealth        | |  1.2

Action                     |  1- 3 |  4- 6 || total
---------------------------+-------+-------++-------
   Fire: Shortbow          |    81 |    35 ||   116
    Use: Scroll            |     5 |     3 ||     8
 Armour: Leather armour    |     4 |     1 ||     5
         Scale mail        |       |     4 ||     4
  Dodge: Dodged            |    10 |    16 ||    26

Table legend:
 A = Non-vault XP
 B = Vault XP
 C = Vault XP percentage of total XP
 D = Non-vault monster count
 E = Vault monster count
 F = Vault count percentage of total count
                 A         B        C        D         E       F
            +---------+---------+-------+---------+---------+-------
      Total |     167 |       0 |   0.0 |      54 |       0 |   0.0
            +---------+---------+-------+---------+---------+-------
        D:1 |      77 |       0 |   0.0 |      30 |       0 |   0.0
        D:2 |      47 |       0 |   0.0 |      19 |       0 |   0.0
        D:3 |      43 |       0 |   0.0 |       5 |       0 |   0.0
            +---------+---------+-------+---------+---------+-------
